 Dungeon Crawl Stone Soup version 0.18-a0-775-g4d9e04e (webtiles) character file.

81 Proton the Distorting Demonspawn (level 4, -6/35 HPs)
             Began as a Demonspawn Abyssal Knight on Dec 13, 2015.
             Was a Believer of Lugonu.
             Mangled by Natasha (8 damage)
             ... on level 2 of the Dungeon.
             The game lasted 00:05:05 (2712 turns).

Proton the Distorting Demonspawn (DsAK)             Turns: 2712, Time: 00:05:05

Health: -6/35      AC:  3    Str: 14    XL:     4   Next: 20%
Magic:  6/6        EV: 11    Int: 13    God:    Lugonu [**....]
Gold:   101        SH:  0    Dex: 12    Spells: 0 memorised, 3 levels left

rFire  . . .     SeeInvis .       - Unarmed
rCold  . . .     Clarity  .     b - +0 leather armour
rNeg   . . .     SustAt   .     (no shield)
rPois  .         Gourm    .     (no helmet)
rElec  .         Spirit   .     (no cloak)
rCorr  .         Dismiss  .     (no gloves)
rMut   .         Stasis   .     (no boots)
MR     .....                    (no amulet)
Stlth  ++........               (no ring)
                                (no ring)

@: not resistant to hostile enchantments, unstealthy
A: talons 1, nightstalker 1
a: Depart the Abyss, Bend Space, Renounce Religion


You were on level 2 of the Dungeon.
You worshipped Lugonu.
Lugonu was pleased with you.
You were not hungry.

You visited 1 branch of the dungeon, and saw 3 of its levels.
You visited the Abyss 1 time.

You collected 101 gold pieces.

Inventory:

Armour
 b - a +0 leather armour (worn)
Scrolls
 a - 2 scrolls of remove curse {unknown}
 d - 2 scrolls of teleportation {unknown}
 f - a scroll of enchant armour {unknown}
 i - 2 scrolls of magic mapping {unknown}
 j - a scroll of recharging {unknown}
 n - a scroll of blinking {unknown}
 p - a scroll of random uselessness {unknown}
Potions
 e - 2 potions of lignification {unknown}
 g - a potion of might {unknown}
 h - 2 potions of curing
 l - a potion of heal wounds {unknown}
 m - a potion of ambrosia {unknown}
 o - a potion of brilliance {unknown}
Books
 k - a book of Flames

   Spells                             Type                      Level
   a - Flame Tongue                   Conjuration/Fire             1
   b - Throw Flame                    Conjuration/Fire             2
   c - Conjure Flame                  Conjuration/Fire             3
   d - Inner Flame                    Hexes/Fire                   3
   e - Sticky Flame                   Conjuration/Fire             4
   f - Fireball                       Conjuration/Fire             5
Comestibles
 c - a bread ration


   Skills:
 - Level 3.1 Fighting
   Level 1.8 Maces & Flails
 - Level 2.0 Armour
 + Level 1.7 Dodging
 * Level 2.1 Unarmed Combat
 - Level 3.3 Invocations


You had 3 spell levels left.
You didn't know any spells.

Dungeon Overview and Level Annotations

Branches:
Dungeon (3/15)

Altars:

Annotations:
D:2 Natasha
D:3 Grinder


Innate Abilities, Weirdness & Mutations

You have sharp toenails.
You are slightly more attuned to the shadows.


Message History

You hit Natasha. Your kick misses Natasha.
Natasha is lightly wounded.
Natasha misses you.
You hit Natasha but do no damage. Your kick misses Natasha.
Natasha is lightly wounded.
Natasha claws you!
You hit Natasha but do no damage. Your kick misses Natasha.
Natasha is lightly wounded.
Natasha claws you!
* * * LOW HITPOINT WARNING * * *
Your leather armour prevents you from hitting Natasha.
You claw Natasha, but do no damage.
Natasha is lightly wounded.
Natasha misses you. Natasha closely misses you. Natasha claws you!
* * * LOW HITPOINT WARNING * * *
Okay, then.
Natasha claws you!
You die...

..# ##......# ##+# #.#.. ...##
##(..###.###...## #.... ....#
#....# #.##.....## ###.# )...#
##..## #.#.......## #..
..>.#######...###..........####..
...................).......'.....
..#########................####..
. #..###h##.......## ##. #.##
#@###.....## ## #.####.# ##...##
#....#(# ##'## #.##.#<# #.#
#.##.#.# ###.###### #.##.#.#
#........# #......#
#....###.##### ####.###
#............. #.# #.....##.#####


You could see Natasha.

Vanquished Creatures
  A worker ant zombie (D:3)
  An adder (D:2)
  A gnoll (D:1)
  An ooze (D:2)
  A giant gecko (D:1)
  3 orcs (D:3)
  2 bats
  2 giant cockroaches
  5 goblins
  5 hobgoblins
  7 jackals (D:3)
  A ball python (D:1)
  4 giant newts
  10 kobolds
  2 rats
46 creatures vanquished.

Notes
Turn   | Place    | Note
--------------------------------------------------------------
     0 | Abyss:1  | Proton the Demonspawn Abyssal Knight began the quest for the Orb.
     0 | Abyss:1  | Reached XP level 1. HP: 18/18 MP: 2/2
    14 | D:1      | Escaped the Abyss
    50 | D:1      | Reached skill level 1 in Dodging
    89 | D:1      | Gained mutation: You have sharp toenails. [demonic ancestry]
    89 | D:1      | Reached XP level 2. HP: 21/24 MP: 4/4
   835 | D:1      | Reached ** piety under Lugonu
  1159 | D:2      | Reached skill level 1 in Unarmed Combat
  1277 | D:2      | Reached XP level 3. HP: 9/29 MP: 5/5
  1555 | D:2      | Noticed Natasha
  1956 | D:3      | Gained mutation: You are slightly more attuned to the shadows. [demonic ancestry]
  1956 | D:3      | Reached XP level 4. HP: 24/35 MP: 6/6
  2095 | D:3      | Noticed Grinder
  2128 | D:2      | Found a faded altar to an unknown god.
  2708 | D:2      | HP: 1/35 [Natasha (7)]
  2712 | D:2      | Mangled by Natasha

Vault maps used:
D:1:      dpeg_arrival_rhombus
D:2:      first_bread, ecumenical_altar_1, uniq_natasha
D:3:      uniq_grinder

Action                   |  1- 3 |  4- 6 || total
-------------------------+-------+-------++-------
Melee: Mace              |     9 |       ||     9
       Unarmed           |   253 |    48 ||   301
  Use: Potion            |     1 |       ||     1
 Stab: Sleeping          |     1 |     2 ||     3
  Eat: Bread ration      |     1 |     1 ||     2
